 Dungeon Crawl Stone Soup version 0.21.1-1-g345015fe64 (webtiles) character file.

41255 Norri the Severer (level 13, -1/123 HPs)
             Began as a Minotaur Monk on Mar 28, 2018.
             Was the Champion of Okawaru.
             Slain by a white ugly thing (31 damage)
             ... on level 15 of the Dungeon on Mar 31, 2018.
             The game lasted 02:09:22 (15431 turns).

Norri the Severer (Minotaur Monk)                  Turns: 15431, Time: 02:09:23

Health: -1/123     AC: 29    Str: 23    XL:     13   Next: 79%
Magic:  6/7        EV: 20    Int:  7    God:    Okawaru [******]
Gold:   816        SH:  0    Dex: 14    Spells: 12/12 levels left

rFire    + . .     SeeInvis .   D - +0 battleaxe (elec)
rCold    . . .     Gourm    .   (shield currently unavailable)
rNeg     + . .     Faith    +   P - +8 scale mail "Pucsep" {rF+ rN+ MP-9}
rPois    .         Spirit   .   O - +1 hat {MR+}
rElec    .         Reflect  .   L - +1 cloak {MR+}
rCorr    +         Harm     .   G - +2 pair of gloves {Str+3}
MR       ++...                  w - +1 pair of boots {Fly}
Stlth    ++........             R - amulet of faith
HPRegen  0.30/turn              s - ring of resist corrosion
MPRegen  0.10/turn              Q - +3 ring of evasion

@: heroism, flying
A: retaliatory headbutt, horns 2
a: Heroism, Finesse, Renounce Religion, Stop Flying


You were on level 15 of the Dungeon.
You worshipped Okawaru.
Okawaru was exalted by your worship.
You were not hungry.

You visited 2 branches of the dungeon, and saw 16 of its levels.

You collected 816 gold pieces.

Inventory:

Hand Weapons
 o - a +1 whip of electrocution
 B - the +1 battleaxe of Suodou {freeze, Int+5}
   (Okawaru gifted it to you on level 11 of the Dungeon)

   It has been specially enchanted to freeze those struck by it, causing extra
   injury to most foes and up to half again as much damage against particularly
   susceptible opponents.
   It can also slow down cold-blooded creatures.
   It affects your intelligence (+5).
 D - a +0 battleaxe of electrocution (weapon)
Missiles
 U - a throwing net
 Z - 5 silver javelins (quivered)
Armour
 l - a +2 chain mail of poison resistance
 v - a +0 plate armour
 w - a +1 pair of boots of flying (worn)
 G - a +2 pair of gloves of strength (worn)
 L - a +1 cloak of magic resistance (worn)
 O - a +1 hat of magic resistance (worn)
 P - the +8 scale mail "Pucsep" (worn) {rF+ rN+ MP-9}
   (You found it on level 8 of the Dungeon)

   It protects you from fire.
   It protects you from negative energy.
   It affects your magic capacity (-9).
Jewellery
 b - an uncursed amulet of regeneration
 s - a ring of resist corrosion (left hand)
 Q - a +3 ring of evasion (right hand)
 R - an amulet of faith (around neck)
Wands
 f - a wand of scattershot (3)
 n - a wand of random effects (69)
 p - a wand of iceblast (20)
 r - a wand of acid (9)
 z - a wand of polymorph (24)
 E - a wand of enslavement (14)
 K - a wand of clouds (6)
 N - a wand of disintegration (30)
 Y - a wand of flame (20)
Scrolls
 a - 3 scrolls of remove curse
 d - a scroll of identify
 e - 4 scrolls of magic mapping
 g - a scroll of enchant armour {unknown}
 h - a scroll of enchant weapon
 i - 5 scrolls of fear
 j - a scroll of fog
 u - 7 scrolls of teleportation
 x - a scroll of random uselessness {unknown}
 y - 4 scrolls of blinking
 C - 3 scrolls of amnesia
 J - a scroll of vulnerability {unknown}
 T - a scroll of acquirement {unknown}
Potions
 k - 3 potions of brilliance
 m - a potion of might
 q - 2 potions of heal wounds
 t - 8 potions of curing
 A - 3 potions of agility
 F - 2 potions of cancellation
 H - a potion of magic
 I - a potion of mutation
 M - 3 potions of berserk rage
Books
 V - a book of Changes

   Spells                             Type                      Level
   a - Beastly Appendage              Transmutation                1
   b - Sticks to Snakes               Transmutation                2
   c - Spider Form                    Transmutation/Poison         3
   d - Ice Form                       Ice/Transmutation            4
   e - Blade Hands                    Transmutation                5
Miscellaneous
 W - a fan of gales
 X - a phantom mirror
Comestibles
 c - 24 rations


   Skills:
 + Level 13.9(18.9) Fighting
 * Level 18.5(23.5) Axes
 + Level 12.2(17.2) Armour
 - Level 6.9(11.9) Dodging
 - Level 1.5(6.5) Stealth
 - Level 6.2 Invocations


You had 12 spell levels left.
You didn't know any spells.

Dungeon Overview and Level Annotations

Branches:
Dungeon (14/15)            Temple (1/1) D:7            Lair (0/6) D:8
    Orc (0/2) D:9          Vaults (0/5) D:13

Altars:
Elyvilon
Makhleb
Okawaru
Trog
Yredelemnul
Zin

Shops:
D:6 =   D:13 *

Portals:
Trove: D:10 (show slimy rune of Zot)


Innate Abilities, Weirdness & Mutations

You reflexively headbutt those who attack you in melee.
You have a pair of horns on your head.


Message History

You closely miss the white ugly thing.
The white ugly thing is moderately wounded.
You slice the white ugly thing!!
Your headbutt misses the white ugly thing.
The white ugly thing is heavily wounded.
You slash the white ugly thing!
The white ugly thing is severely wounded.
You slash the cyan ugly thing!
The white ugly thing pecks you but does no damage.
The cyan ugly thing tail-slaps you! The cyan ugly thing shocks you!
* * * LOW HITPOINT WARNING * * *
You feel much better. The white ugly thing pecks you!
The white ugly thing freezes you!!
* * * LOW HITPOINT WARNING * * *
The cyan ugly thing closely misses you. You furiously retaliate!
You headbutt the cyan ugly thing.
You feel much better. The white ugly thing pecks you.
* * * LOW HITPOINT WARNING * * *
The white ugly thing freezes you!!
You die...

##################
########
#.................
........
#.#..#...#....#
#.....
#........#....#
#.....
#...###...(...#
.##..... #.#.#
#####@..# ........
#.#.# #u..#
........ #.#.#
#..uu..# .##.....
#...# #..#...#
#..... #...#
####..... #.....
#.#.# .....##
#..... #.#.#
.....' #.....
#.#.### ..#..#.
.##..... #.#.#.#
#..#..#.. ........


You could see 3 ugly things.

Vanquished Creatures
  Rupert (D:15)
  Roxanne (D:15)
  Snorg (D:10)
  2 hydras
  A vault guard (D:13)
  Harold (D:10)
  2 centaur warriors
  11 two-headed ogres
  Erica (D:10)
  An ogre mage (D:15)
  An unseen horror (D:12)
  A deep troll (D:13)
  A wizard (D:11)
  The ghost of Oravi the Slicer, a novice HaFi (D:7)
  Pikel (D:7)
  A lindwurm (D:13)
  A deep elf mage (D:15)
  2 cyclopes (D:11)
  7 ugly things
  3 manticores
  Maurice (D:13)
  An elephant (D:8)
  A centaur zombie (D:13)
  The ghost of mathesdat the Skirmisher, a novice DrSk (D:4)
  A gargoyle (D:15)
  A komodo dragon (D:11)
  A yaktaur (D:15)
  4 trolls
  6 meliai
  2 hornets
  A merfolk (D:9)
  3 hippogriffs
  11 slime creatures
  A centaur simulacrum (D:15)
  2 wyverns (D:11)
  A yak (shapeshifter) (D:13)
  5 yaks
  A wraith (D:15)
  3 basilisks
  An acid dragon (D:13)
  A water moccasin (D:12)
  4 ice beasts
  4 orc warriors
  2 slaves
  A black bear (D:6)
  3 phantoms
  5 sky beasts
  2 necrophages
  2 wolves (D:9)
  8 ogres
  10 centaurs
  2 big kobolds
  10 bullfrogs
  5 scorpions
  5 wights (D:12)
  3 howler monkeys
  6 bullfrog zombies
  7 crimson imps
  9 orc wizards
  A centaur skeleton (D:5)
  9 orc priests
  7 hounds
  8 jellies
  Ijyb (D:3)
  3 iguanas
  Natasha (thrice) (D:2)
  12 worker ants
  2 worker ant zombies
  8 gnolls
  11 adders
  4 shadow imps
  2 adder skeletons
  An adder zombie (D:8)
  3 worms
  2 dart slugs
  2 leopard geckos
  49 orcs
  5 bats
  2 giant cockroaches
  14 goblins
  10 hobgoblins
  11 jackals
  5 quokkas
  2 ball pythons (D:1)
  A ball python skeleton (D:3)
  7 frilled lizards
  A jackal skeleton (D:3)
  18 kobolds
  10 rats
392 creatures vanquished.

Vanquished Creatures (collateral kills)
  A hydra (D:11)
  An efreet (D:11)
  A vampire (D:11)
  A big kobold (D:9)
  2 kobolds (D:9)
6 creatures vanquished.

Vanquished Creatures (others)
  Grum (D:9)
  A slave (D:7)
  A hound skeleton (D:7)
  An orc (D:7)
  A quokka (D:7)
5 creatures vanquished.

Grand Total: 403 creatures vanquished

Notes
Turn   | Place    | Note
-------+----------+-------------------------------------------
     0 | D:1      | Norri the Minotaur Monk began the quest for the Orb.
     0 | D:1      | Reached XP level 1. HP: 19/19 MP: 0/0
   332 | D:1      | Reached skill level 4 in Axes
   333 | D:1      | Reached XP level 2. HP: 14/27 MP: 1/1
  1115 | D:2      | Reached XP level 3. HP: 28/33 MP: 2/2
  1132 | D:2      | Noticed Natasha
  1144 | D:2      | Killed Natasha
  1224 | D:2      | Noticed Natasha
  1235 | D:2      | Killed Natasha
  1235 | D:2      | Reached skill level 5 in Axes
  1235 | D:2      | Reached XP level 4. HP: 31/41 MP: 3/3
  1315 | D:2      | Noticed Natasha
  1325 | D:2      | Killed Natasha
  1707 | D:2      | Found a bloodstained altar of Trog.
  1707 | D:2      | Found a white marble altar of Elyvilon.
  1832 | D:2      | Reached XP level 5. HP: 41/47 MP: 4/4
  2280 | D:3      | Reached skill level 6 in Axes
  2476 | D:3      | Noticed Ijyb
  2496 | D:3      | Killed Ijyb
  2496 | D:3      | Reached skill level 5 in Fighting
  2679 | D:3      | Reached XP level 6. HP: 56/56 MP: 5/5
  3233 | D:4      | HP: 2/56 [poisoned by an orc priest]
  3241 | D:4      | HP: 2/56 [poisoned by an orc priest]
  3249 | D:4      | HP: 1/56 [poisoned by an orc priest]
  3308 | D:4      | Noticed mathesdat's ghost (novice DrSk)
  3647 | D:4      | Killed mathesdat's ghost
  3647 | D:4      | Reached skill level 7 in Axes
  3647 | D:4      | Reached skill level 5 in Dodging
  3647 | D:4      | Reached XP level 7. HP: 24/62 MP: 6/6
  4018 | D:4      | Reached skill level 8 in Axes
  4093 | D:4      | Found a glowing silver altar of Zin.
  4429 | D:5      | Entered Level 5 of the Dungeon
  4912 | D:5      | Reached XP level 8. HP: 61/71 MP: 7/7
  4945 | D:5      | Reached skill level 9 in Axes
  5440 | D:5      | Found an iron altar of Okawaru.
  5448 | D:5      | Became a worshipper of Warmaster Okawaru
  5448 | D:5      | Reached * piety under Okawaru
  5448 | D:5      | Reached ** piety under Okawaru
  5662 | D:6      | Found Naojouwyo's Jewellery Emporium.
  5880 | D:6      | Reached skill level 10 in Axes
  6046 | D:6      | Reached skill level 1 in Armour
  6632 | D:7      | Noticed Oravi's ghost (novice HaFi)
  6657 | D:7      | Killed Oravi's ghost
  6657 | D:7      | Reached *** piety under Okawaru
  6657 | D:7      | Reached XP level 9. HP: 49/81 MP: 4/8
  6824 | D:7      | Noticed Pikel
  6837 | D:7      | Reached skill level 11 in Axes
  6840 | D:7      | Killed Pikel
  7050 | D:7      | Found a staircase to the Ecumenical Temple.
  7157 | D:7      | Found a basalt altar of Yredelemnul.
  7401 | D:7      | Reached **** piety under Okawaru
  7496 | Temple   | Entered the Ecumenical Temple
  7535 | D:8      | Reached skill level 12 in Axes
  7576 | D:8      | Reached skill level 5 in Armour
  7602 | D:8      | Reached XP level 10. HP: 91/91 MP: 9/9
  7610 | D:8      | Found a staircase to the Lair.
  7640 | D:8      | Noticed an elephant
  7663 | D:8      | Killed an elephant
  7789 | D:8      | Found a burning altar of Makhleb.
  7864 | D:8      | Got a faintly glowing scale mail
  7875 | D:8      | Identified the +8 scale mail "Pucsep" {rF+ rN+ MP-9} (You found it on level 8 of the Dungeon)
  8156 | D:9      | Found a staircase to the Orcish Mines.
  8203 | D:9      | Noticed Grum
  8224 | D:9      | Reached ***** piety under Okawaru
  8239 | D:9      | Your ally died
  8342 | D:9      | Noticed a two-headed ogre
  8354 | D:9      | Killed a two-headed ogre
  8354 | D:9      | Reached skill level 13 in Axes
  8566 | D:9      | Reached skill level 10 in Fighting
  8687 | D:9      | Noticed a two-headed ogre
  8720 | D:9      | Killed a two-headed ogre
  8996 | D:9      | Reached skill level 14 in Axes
  9269 | D:10     | Entered Level 10 of the Dungeon
  9327 | D:10     | Noticed Snorg
  9344 | D:10     | Killed Snorg
  9344 | D:10     | Reached XP level 11. HP: 59/101 MP: 1/10
  9471 | D:10     | Noticed Harold
  9494 | D:10     | Killed Harold
  9494 | D:10     | Reached ****** piety under Okawaru
  9519 | D:10     | Noticed Erica
  9536 | D:10     | Killed Erica
  9536 | D:10     | Received a gift from Okawaru
  9892 | D:10     | Found a portal to a secret trove of treasure.
 10086 | D:11     | Received a gift from Okawaru
 10124 | D:11     | Got an ancient battleaxe {god gift}
 10134 | D:11     | Identified the +1 battleaxe of Suodou {freeze, Int+5} (Okawaru gifted it to you on level 11 of the Dungeon)
 10144 | D:11     | Noticed a six-headed hydra
 10145 | D:11     | Reached skill level 15 in Axes
 10157 | D:11     | Killed a six-headed hydra
 10162 | D:11     | Noticed a wizard
 10169 | D:11     | Noticed a four-headed hydra
 10184 | D:11     | Killed a four-headed hydra
 10194 | D:11     | Killed a wizard
 10698 | D:11     | Noticed a cyan ugly thing
 10715 | D:11     | Killed a cyan ugly thing
 10968 | D:11     | Reached skill level 1 in Invocations
 10989 | D:11     | Reached XP level 12. HP: 112/112 MP: 2/11
 11012 | D:11     | Reached skill level 16 in Axes
 11552 | D:11     | Received a gift from Okawaru
 11790 | D:12     | Reached skill level 10 in Armour
 11828 | D:12     | Noticed a six-headed hydra
 11836 | D:12     | Killed a six-headed hydra
 12155 | D:12     | Noticed a two-headed ogre
 12162 | D:12     | Killed a two-headed ogre
 12863 | D:13     | Noticed a centaur warrior
 12884 | D:13     | Killed a centaur warrior
 12884 | D:13     | Reached skill level 17 in Axes
 12981 | D:13     | Received a gift from Okawaru
 12985 | D:13     | Identified the +1 quarterstaff "Bizeg" {crush, +Blink Dex+2} (Okawaru gifted it to you on level 13 of the Dungeon)
 13025 | D:13     | Noticed Maurice
 13049 | D:13     | Killed Maurice
 13453 | D:13     | Noticed a vault guard
 13483 | D:13     | Killed a vault guard
 13483 | D:13     | Reached XP level 13. HP: 73/122 MP: 4/15
 13650 | D:13     | Found a gate to the Vaults.
 13685 | D:13     | Found Ziyhixto's Blood Bar.
 13736 | D:13     | Got a translucent silver ring
 13739 | D:13     | Identified the cursed ring "Vulib" {MR- Str+7 Int-2 SInv Stlth+} (You found it on level 13 of the Dungeon)
 14013 | D:14     | You are sucked into a shaft!
 14013 | D:15     | Entered Level 15 of the Dungeon
 14027 | D:15     | Reached skill level 5 in Invocations
 14032 | D:15     | Received a gift from Okawaru
 14035 | D:15     | Got a transparent glaive {god gift}
 14036 | D:15     | Identified the +2 glaive "Retemeq" {pain, Fragile Int+6} (Okawaru gifted it to you on level 15 of the Dungeon)
 14636 | D:15     | Noticed Roxanne
 14663 | D:15     | Killed Roxanne
 14663 | D:15     | Received a gift from Okawaru
 14703 | D:15     | Reached skill level 18 in Axes
 14904 | D:15     | Noticed Rupert
 14917 | D:15     | Killed Rupert
 15431 | D:15     | Slain by a white ugly thing

Skill      XL: |  1  2  3  4  5  6  7  8  9 10 11 12 13 |
---------------+----------------------------------------+-----
Axes           | 4 5 6 7 8 10 12 14 15 17 18 | 18.5
Fighting       | 4 5 6 8 9 10 12 13 | 13.9
Dodging        | 4 5 6 |  6.9
Armour         | 2 5 7 9 11 12 | 12.2
Invocations    | 1 4 6 |  6.2
Stealth        | |  1.5

Action                   |  1- 3 |  4- 6 |  7- 9 | 10-12 | 13-15 || total
-------------------------+-------+-------+-------+-------+-------++-------
Melee: Hand axe          |    58 |   190 |   185 |       |       ||   433
       Headbutt          |    10 |    44 |    75 |   202 |    45 ||   376
       War axe           |       |       |    80 |       |       ||    80
       Whip              |       |       |    67 |   712 |    85 ||   864
       Battleaxe         |       |       |       |     9 |    70 ||    79
       Punch             |       |       |       |     6 |       ||     6
Throw: Stone             |     5 |       |     6 |       |       ||    11
       Javelin           |       |       |       |       |     5 ||     5
       Throwing net      |       |       |       |       |     1 ||     1
Invok: Heroism           |       |       |     4 |     8 |     4 ||    16
Evoke: Wand              |       |       |     3 |     1 |     4 ||     8
  Use: Scroll            |       |     2 |     9 |    11 |     5 ||    27
       Potion            |       |       |       |       |     2 ||     2
 Stab: Distracted        |       |       |       |       |     1 ||     1
  Eat: Chunk             |     1 |     7 |    10 |    18 |     4 ||    40
       Ration            |       |       |     1 |       |     1 ||     2
Armor: Robe              |     2 |       |       |       |       ||     2
       Chain mail        |    18 |    76 |    42 |    12 |       ||   148
       Plate armour      |       |    34 |   131 |       |       ||   165
       Scale mail        |       |       |       |   255 |    35 ||   290
Dodge: Dodged            |    30 |    61 |   124 |   442 |    79 ||   736
Block: Buckler           |       |       |       |    25 |       ||    25
